AoeStats
← jwinnfield.trash

Fortress

507917061Analyzed
4v4 RM · 11d ago on Sep 20, 2026· 39m 11s· 8 players
Game mode
Random Map
Map size
Huge
Population
200
Speed
Normal
Resources
Standard
Victory
Conquest
Starting age
Dark Age
Ending age
Imperial Age
RankedLock teamsTeams togetherTeam positionsShared explorationLock speedFull tech treeHidden civsTurbo modeCheats
Victory
Defeat
🇯🇵 Italians · Japan
1691
+12
🇨🇦 Mongols · Canada
1638
+14
🇪🇸 Magyars · Spain
1542
+18
🇸🇪 Vietnamese · Sweden
1441
+22
🇯🇵 Bengalis · Japan
1690
-21
🇯🇵 Portuguese · Japan
1664
-20
🇸🇮 Spanish · Slovenia
1573
-16
🇯🇵 Persians · Japan
1397
-9
happikon.6139
7:20 Feudal Age
11:08 Castle Age
9:30 Double-Bit Axe
9:37 Horse Collar
12:21 Bow Saw
14:16 Wheelbarrow
18:09 Heavy Plow
18:04 Gold Mining
20:05 Loom
20:39 Padded Archer Armor
20:59 Stone Mining
21:29 Fletching
24:14 Imperial Age
21:59 Loom
22:03 Elite Skirmisher
22:56 Bodkin Arrow
23:55 Leather Archer Armor
24:21 Stone Shaft Mining
24:30 Ballistics
24:15 Town Watch
25:55 Chemistry
25:25 Bracer
25:56 Ring Archer Armor
25:22 Pikeman
25:47 Arson
26:20 Scale Mail Armor
26:32 Forging
27:43 Block Printing
27:49 Sanctity
26:55 Halberdier
27:53 Halberdier
27:58 Halberdier
28:55 Chain Mail Armor
30:53 Arquebus
31:14 Conscription
31:44 Plate Mail Armor
31:50 Iron Casting
34:13 Fervor
A spoon full of love
4:26 Loom
7:06 Feudal Age
11:02 Castle Age
9:06 Double-Bit Axe
9:07 Horse Collar
9:40 Double-Bit Axe
12:10 Bow Saw
12:05 Heavy Plow
16:58 Wheelbarrow
22:00 Hand Cart
24:55 Gold Mining
28:32 Imperial Age
25:54 Fletching
26:23 Padded Archer Armor
26:48 Bodkin Arrow
27:20 Leather Archer Armor
27:23 Elite Skirmisher
28:43 Ballistics
28:56 Thumb Ring
29:24 Bracer
29:55 Ring Archer Armor
30:28 Chemistry
32:04 Scale Barding Armor
32:10 Forging
32:33 Stone Mining
32:12 Capped Ram
33:35 Chain Barding Armor
33:54 Coinage
33:29 Siege Ram
36:16 Plate Barding Armor
36:16 Iron Casting
35:47 Cavalier
36:27 Husbandry
36:38 Bloodlines
36:33 Town Watch
37:02 Fortified Wall
37:13 Bombard Tower
37:29 Caravan
37:50 Paladin
40:10 Blast Furnace
ryannn
8:10 Loom
9:55 Feudal Age
11:20 Double-Bit Axe
11:26 Gold Mining
11:19 Horse Collar
14:04 Castle Age
12:01 Stone Mining
18:25 Imperial Age
18:40 Wheelbarrow
18:17 Bow Saw
19:09 Gold Shaft Mining
26:04 Fletching
27:24 Heavy Plow
30:40 Ballistics
33:52 Hand Cart
35:21 Scale Barding Armor
36:06 Husbandry
36:55 Chain Barding Armor
36:46 Bloodlines
37:13 Forging
37:38 Conscription
37:40 Mahayana
37:29 Paiks
39:07 Plate Barding Armor
claretta's skirt
7:17 Feudal Age
11:32 Castle Age
9:40 Double-Bit Axe
9:43 Horse Collar
13:44 Bow Saw
13:58 Heavy Plow
18:20 Gold Mining
24:31 Imperial Age
21:49 Loom
22:57 Scale Barding Armor
24:22 Chain Barding Armor
24:14 Forging
24:34 Husbandry
24:45 Bloodlines
25:13 Wheelbarrow
25:18 Conscription
25:39 Plate Barding Armor
24:36 Cavalier
27:17 Gold Shaft Mining
28:07 Iron Casting
28:18 Hand Cart
29:55 Blast Furnace
29:06 Savar
31:32 Pikeman
32:12 Squires
35:03 Scale Mail Armor
36:23 Halberdier
37:36 Chain Mail Armor
37:12 Fletching
37:23 Padded Archer Armor
xGusZx24
7:32 Feudal Age
11:56 Castle Age
10:19 Double-Bit Axe
10:34 Horse Collar
13:13 Bow Saw
18:11 Heavy Plow
20:20 Wheelbarrow
20:51 Gold Mining
25:25 Imperial Age
23:22 Hand Cart
23:56 Bloodlines
24:33 Husbandry
24:39 Scale Barding Armor
25:07 Forging
25:45 Loom
25:45 Town Watch
26:21 Chain Barding Armor
26:32 Chatras
26:57 Paper Money
28:14 Plate Barding Armor
28:14 Iron Casting
28:06 Elite Battle Elephant
28:59 Caravan
29:47 Fortified Wall
34:32 Light Cavalry
happy gay
6:50 Feudal Age
10:44 Castle Age
8:32 Double-Bit Axe
9:00 Horse Collar
16:27 Wheelbarrow
17:44 Fletching
18:24 Loom
19:10 Gold Mining
19:58 Bodkin Arrow
21:22 Bodkin Arrow
23:07 Ballistics
26:14 Fortified Wall
30:06 Imperial Age
28:46 Padded Archer Armor
29:46 Leather Archer Armor
31:16 Conscription
31:58 Chemistry
31:18 Scale Mail Armor
31:28 Forging
32:02 Squires
32:23 Chain Mail Armor
32:30 Chain Mail Armor
34:21 Plate Mail Armor
34:37 Forging
37:49 Elite Genoese Crossbowman
38:54 Bracer
39:33 Bow Saw
jwinnfield.trash
7:22 Feudal Age
11:08 Castle Age
9:21 Double-Bit Axe
9:29 Horse Collar
14:10 Bow Saw
17:19 Loom
18:45 Fletching
19:34 Bodkin Arrow
22:19 Ballistics
22:35 Wheelbarrow
21:51 Gold Mining
22:45 Padded Archer Armor
23:42 Bloodlines
23:32 Husbandry
23:53 Hand Cart
28:04 Imperial Age
26:29 Thumb Ring
27:24 Leather Archer Armor
27:11 Stone Mining
27:08 Town Watch
29:06 Heavy Plow
29:28 Bracer
30:30 Chemistry
28:52 Heavy Cavalry Archer
31:09 Ring Archer Armor
31:08 Conscription
31:30 Scale Barding Armor
32:10 Corvinian Army
32:17 Elite Magyar Huszar
33:18 Chain Barding Armor
33:35 Recurve Bow
34:34 Plate Barding Armor
35:37 Crop Rotation
38:45 Two-Man Saw
37:59 Caravan
39:17 Parthian Tactics
39:21 Caravan
Coadjoint
8:47 Feudal Age
9:39 Double-Bit Axe
9:35 Horse Collar
12:23 Castle Age
13:19 Bow Saw
13:23 Bow Saw
13:14 Heavy Plow
17:03 Loom
17:56 Wheelbarrow
19:31 Hand Cart
20:42 Gold Mining
20:43 Stone Mining
21:02 Town Watch
22:43 Gold Shaft Mining
22:43 Stone Shaft Mining
26:18 Imperial Age
24:21 Fletching
24:32 Padded Archer Armor
26:30 Bodkin Arrow
26:50 Leather Archer Armor
26:58 Ballistics
26:52 Bloodlines
26:43 Husbandry
26:56 Thumb Ring
28:05 Chemistry
27:34 Parthian Tactics
27:16 Bracer
27:19 Elite Mangudai
28:47 Hoardings
28:36 Leather Archer Armor
30:52 Siege Engineers
30:58 Masonry
32:49 Caravan
32:19 Capped Ram
33:24 Siege Ram
35:22 Conscription
39:01 Drill
Connection lost

Rejoining the realm…

Still unreachable

The connection could not be restored.

Session expired

The server has moved on; the page needs a fresh start.